 Dungeon Crawl Stone Soup version 0.28.0-45-g0d030f2227 (webtiles) character file.

Game seed: 14522845823433640587

69470 zeratav the Black Belt (level 15, -1/132 HPs)
             Began as an Octopode Transmuter on Apr 8, 2022.
             Was a Priest of Ashenzari.
             Killed by a resonance strike
             ... invoked by a ragged hierophant
              (11 damage)
             ... in the Desolation of Salt on Apr 9, 2022.
             The game lasted 01:54:56 (34667 turns).

zeratav the Black Belt (Octopode Transmuter)       Turns: 34667, Time: 01:54:57

Health: -1/132     AC: 11    Str: 11    XL:     15   Next: 30%
Magic:  19/19      EV: 20    Int: 22    God:    Ashenzari [***...]
Gold:   1647       SH:  0    Dex: 24    Spells: 10/20 levels left

rFire   + + .      SeeInvis +     - Unarmed
rCold   + + +      Faith    .   (shield currently unavailable)
rNeg    + . .      Spirit   .   (helmet currently unavailable)
rPois   +          Reflect  .   Q - amulet of the Four Winds {rN+ Will+++ Clar}
rElec   .          Harm     .   q - ring of Ashenzari's Visionary {Dex+6, Melee, Cun} (curse)
rCorr   +          Rampage  .   w - ring of the All-seeing Seer {rC+, Melee, Comp} (curse)
Will    ++++.      Clarity  +   x - ring "Eternal Jealousy" {Wiz, Alch, Melee} (curse)
Stlth   +++++.....              E - ring of protection from fire
HPRegen 0.32/turn               d - ring of the Revealing Doubts {Fire, Bglg, Melee} (curse)
MPRegen 0.16/turn               I - ring of protection from fire
                                U - +6 ring of intelligence
                                V - ring "Thunder Perfect Mind" {rCorr, Melee, Self} (curse)

@: about to teleport, ice-form
A: freezing attack, boosted hp, almost no armour, amphibious, 8 rings, large,
(camouflage 1), (gelatinous body 1), (nimble swimmer 1), (tentacles)
a: End Transformation, Renounce Religion, Curse Item, Shatter the Chains


You were in the Desolation of Salt.
You worshipped Ashenzari.
Ashenzari was most pleased with you.
You were a creature of crystalline ice.
You visited 5 branches of the dungeon, and saw 20 of its levels.
You also visited: Volcano and Desolation.

You collected 2330 gold pieces.
You spent 683 gold pieces at shops.


Innate Abilities, Weirdness & Mutations

You are a creature of crystalline ice.
You have a powerful freezing melee attack.
Your maximum health is increased.
Your armour is entirely melded.
You are incapable of wielding weapons or throwing items.
You cannot wear most types of armour.
You are amphibious.
You can wear up to eight rings at the same time.
((Your skin changes colour to match your surroundings (Stealth+).))
((Your rubbery body absorbs attacks. (AC +1, EV +1)))
((You are camouflaged when in or above water. (Stealth+)))
((You have tentacles for arms and can constrict up to eight enemies at once.))


   Skills:
 + Level 11.6(13.1) Fighting
 + Level 11.6(13.2) Dodging
 - Level 8.9(10.5) Stealth
 + Level 3.6 Shields
 * Level 16.2(20.7) Unarmed Combat
 - Level 2.0(3.2) Spellcasting
 - Level 10.0(11.6) Transmutations
 + Level 8.0 Ice Magic


You had 10 spell levels left.
You knew the following spells:

 Your Spells              Type           Power      Damage    Failure   Level
a - Mephitic Cloud        Conj/Pois/Air  4%         N/A       14%         3
b - Spider Form           Tmut/Pois      29%        N/A       1%          3
c - Ice Form              Ice/Tmut       46%        N/A       1%          4

Your spell library contained the following spells:

 Spells                   Type           Power      Damage    Failure   Level
 Beastly Appendage        Tmut           100%       N/A       1%          1
 Wereblood                Tmut           53%        N/A       1%          2
 Ozocubu's Armour         Ice            38%        N/A       1%          3
 Magic Dart               Conj           16%        1d3       4%          1
 Petrify                  Tmut/Erth      29%        N/A       4%          4
 Call Imp                 Summ           4%         N/A       7%          2
 Sublimation of Blood     Necr           4%         N/A       7%          2
 Scorch                   Fire           10%        2d5       8%          2
 Irradiate                Conj/Tmut      14%        3d18      12%         5
 Flame Wave               Conj/Fire      6%         2d5       41%         4
 Ozocubu's Refrigeration  Ice            19%        4d8       80%         7
 Summon Cactus Giant      Summ           2%         N/A       99%         6

Inventory:

Hand Weapons
 t - the +4 hand axe "Rocvot" {vorpal, rF+ Will+ Int-2, axe}
   (You found it on level 4 of the Dungeon)

   It inflicts extra damage upon your enemies.
   Int:       It affects your intelligence (-2).
   rF:        It protects you from fire.
   Will:      It increases your willpower.
 z - the cursed +10 whip "Prison of the Heavens" (melded) {flame, Int+3, mace, Elem, Alch}
   (You found it on level 6 of the Dungeon)

   It burns those it strikes, dealing additional fire damage.
   Int:       It affects your intelligence (+3).
   It has a curse which improves the following skills: Elements: Fire Magic, Ice
   Magic, Air Magic and Earth Magic.
   Alchemy:   Poison Magic and Transmutations.
Armour
 h - a +2 hat (melded)
   (You bought it in a shop on level 2 of the Orcish Mines)
 p - a +0 kite shield
   (You bought it in a shop on level 2 of the Orcish Mines)
 S - a +2 buckler (melded)
   (You found it on level 6 of the Lair of Beasts)
Jewellery
 d - the cursed ring of the Revealing Doubts (on tentacle) {Fire, Bglg, Melee}
   (You found it on level 1 of the Dungeon)

   [ring of fire]

   It enhances your fire magic.
   rF:        It protects you from fire.
   rC:        It makes you vulnerable to cold.
   It has a curse which improves the following skills: Beguiling: Conjurations,
   Hexes and Translocations.
   Melee Combat: Short Blades, Long Blades, Axes, Maces & Flails, Polearms,
   Staves and Unarmed Combat.
 q - the cursed ring of Ashenzari's Visionary (left front paw) {Dex+6, Melee, Cun}
   (You found it on level 3 of the Dungeon)

   [ring of dexterity]

   Dex:       It affects your dexterity (+6).
   It has a curse which improves the following skills: Melee Combat: Short
   Blades, Long Blades, Axes, Maces & Flails, Polearms, Staves and Unarmed
   Combat.
   Cunning:   Dodging and Stealth.
 w - the cursed ring of the All-seeing Seer (right front paw) {rC+, Melee, Comp}
   (You found it on level 5 of the Dungeon)

   [ring of protection from cold]

   rC:        It protects you from cold.
   It has a curse which improves the following skills: Melee Combat: Short
   Blades, Long Blades, Axes, Maces & Flails, Polearms, Staves and Unarmed
   Combat.
   Companions: Summonings and Necromancy.
 x - the cursed ring "Eternal Jealousy" (on tentacle) {Wiz, Alch, Melee}
   (You found it on level 6 of the Dungeon)

   [ring of wizardry]

   It improves your spell success rate.
   It has a curse which improves the following skills: Alchemy: Poison Magic and
   Transmutations.
   Melee Combat: Short Blades, Long Blades, Axes, Maces & Flails, Polearms,
   Staves and Unarmed Combat.
 E - a ring of protection from fire (on tentacle)
   (You found it on level 1 of the Lair of Beasts)
 H - an amulet of guardian spirit
   (You found it on level 1 of the Lair of Beasts)
 I - a ring of protection from fire (on tentacle)
   (You found it on level 1 of the Lair of Beasts)
 N - a ring of ice
   (You took it off Fannar on level 2 of the Lair of Beasts)
 Q - the amulet of the Four Winds (around neck) {rN+ Will+++ Clar}
   (You bought it in a shop on level 2 of the Orcish Mines)

   [amulet of nothing]

   rN:        It protects you from negative energy.
   Clar:      It protects you against confusion.
   Will:      It greatly increases your willpower.
 U - a +6 ring of intelligence (on tentacle)
   (You found it on level 5 of the Lair of Beasts)
 V - the cursed ring "Thunder Perfect Mind" (on tentacle) {rCorr, Melee, Self}
   (You found it on level 5 of the Lair of Beasts)

   [ring of resist corrosion]

   rCorr:     It protects you from acid and corrosion.
   It has a curse which improves the following skills: Melee Combat: Short
   Blades, Long Blades, Axes, Maces & Flails, Polearms, Staves and Unarmed
   Combat.
   Introspection: Fighting and Spellcasting.
 X - a ring of wizardry
   (You found it on level 5 of the Lair of Beasts)
Wands
 j - a wand of iceblast (9)
   (You found it on level 3 of the Lair of Beasts)
 l - a wand of flame (25)
   (You took it off Natasha on level 2 of the Dungeon)
 B - a wand of paralysis (12)
   (You took it off a wight on level 8 of the Dungeon)
 F - a wand of mindburst (5)
   (You found it on level 1 of the Lair of Beasts)
 K - a wand of acid (3)
   (You found it on level 1 of the Lair of Beasts)
 L - a wand of charming (5)
   (You found it on level 2 of the Lair of Beasts)
 T - a wand of polymorph (8)
   (You found it on level 6 of the Lair of Beasts)
 W - a wand of digging (3)
   (You found it on level 5 of the Lair of Beasts)
Scrolls
 e - 2 scrolls of teleportation {@r4}
 r - 3 scrolls of amnesia
 s - a scroll of fear
 u - a scroll of blinking {!r}
 y - 3 scrolls of magic mapping {!r}
 G - a scroll of vulnerability {!r!r}
 J - 3 scrolls of fog
 M - a scroll of holy word
 O - 6 scrolls of identify {@r1}
Potions
 a - a potion of invisibility
 b - 5 potions of curing {@q1}
 c - a potion of ambrosia
 f - a potion of flight
 g - a potion of cancellation
 i - 5 potions of attraction {!q}
 k - 2 potions of mutation {!q}
 n - 2 potions of berserk rage {!q}
 o - a potion of haste {@q3}
 v - a potion of magic
 A - 3 potions of resistance
 C - a potion of brilliance
 Y - 2 potions of lignification {!q}
Miscellaneous
 D - a phantom mirror
   (You found it on level 9 of the Dungeon)
 P - a lightning rod (4/4)
   (You found it on level 6 of the Lair of Beasts)
 R - a tin of tremorstones (1/2) {throwing}
   (You found it on level 4 of the Lair of Beasts)

Dungeon Overview and Level Annotations

Branches:
Dungeon (10/15)            Temple (1/1) D:5            Lair (6/6) D:9
 Shoals (0/4) Lair:4       Spider (0/4) Lair:3        Slime (0/5) Lair:6
    Orc (2/2) D:10            Elf (1/3) Orc:2       Volcano (visited)
Desolation (1/1)

Altars:
Ashenzari
Cheibriados
Dithmenos
Elyvilon
Fedhas
Gozag
Hepliaklqana
Kikubaaqudgha
Makhleb
Okawaru
Sif Muna
Trog
Vehumet
Xom
Yredelemnul
Zin
The Shining One
Beogh

Shops:
D:1 (   D:4 (   Orc:2 ((=[

Annotations:
Lair:3 exclusion: oklob plant

.......§....§§§§§.§§§...#9:.**
.........9...§.§§..§.....###
...........§.§§§..§.......a#...
...........§...§§§§§§§...a....
,
............§§§§§§§§§§........
.a.........§§9§..§§§........§ ,
.......#§.aa9...........§ ,
,.......#....9............
..........Y.............. *
.........................
......................... ,,
########################, ,,,,
#################### ,,
################### , , ,
################### ,
################## , , , , ,,


You could see 2 ragged hierophants, 2 crystal guardians and a saltling.


Message History

Casting: Ice Form (mildly dangerous; 1% risk of failure)
Confirm with . or Enter, or press ? or * to list all spells.
You turn into a creature of crystalline ice.
The cursed +10 whip "Prison of the Heavens" {flame, Int+3, mace, Elem, Alch} melds into your body.
Your +2 hat melds into your body.
Your +2 buckler melds into your body.
The cursed +10 whip "Prison of the Heavens" {flame, Int+3, mace, Elem, Alch} stops flaming.
HP[+22] MP[-4]
You now have 132 max hp (+22).
Your hp is fully restored (132).
You lost 4 mp, and now have 15/19 mp.
A saltling comes into view.
A saltling and a servant of whispers come into view.
The saltling moves out of view.
The servant of whispers moves out of view.
A crystal guardian comes into view.
MP[+1]
A saltling comes into view.
A saltling and a ragged hierophant come into view.
A crystal guardian comes into view.
A servant of whispers and a ragged hierophant come into view.
The ragged hierophant is wielding a +2 vorpal long sword.
MP[+1]
The saltling barely misses you.
You pummel the saltling!! You freeze the saltling.
You destroy the saltling!
MP[+1]
Okay, then.
The ragged hierophant shouts!
You hear a shout! x2
The ragged hierophant points at you and mumbles some strange words.
A blast of power from the earth strikes you!
HP[-3]
You take 3 damage, and now have 129/132 hp.
The crystal guardian fires a crystalline bolt at you.
The crystal bolt freezes you! You resist.
HP[-6] MP[+1]
You take 6 damage, and now have 123/132 hp.
Your mp is fully restored (19).
HP[+1] HP[+1] HP[+1]
The ragged hierophant closely misses you.
You pummel the ragged hierophant!! You freeze the ragged hierophant.
The servant of whispers hits you but does no damage.
The ragged hierophant hits you but does no damage.
The servant of whispers hits you but does no damage.
You pummel the servant of whispers like a punching bag!!!
You freeze the servant of whispers!
The ragged hierophant barely misses you.
HP[+1]
You punch the servant of whispers! You freeze the servant of whispers!
The servant of whispers calls down the wrath of its god upon you.
The bolt of lightning hits you!!
The ragged hierophant hits you with a +2 vorpal long sword.
HP[-32]
You take 32 damage, and now have 95/132 hp.
MASSIVE DAMAGE!! (PAUSE)
You barely miss the servant of whispers.
You pummel the servant of whispers!! You freeze the servant of whispers.
You kill the servant of whispers!
The ragged hierophant mumbles some strange words.
The ragged hierophant begins to accept its allies' injuries.
The ragged hierophant gestures at you while chanting.
A blast of power from the earth strikes you!
HP[-8]
You take 8 damage, and now have 87/132 hp.
You pummel the ragged hierophant!! You freeze the ragged hierophant!
You pummel the ragged hierophant!! You freeze the ragged hierophant.
The ragged hierophant hits you with a +2 vorpal long sword!
The crystal guardian hits you!!
* * * LOW HITPOINT WARNING * * *
HP[-42]
You take 42 damage, and now have 45/132 hp.
MASSIVE DAMAGE!! (PAUSE)
As you read the scroll of teleportation {@r4}, it crumbles to dust.
You feel strangely unstable.
The crystal guardian fires a crystalline bolt at you.
The crystal bolt freezes you. You resist.
* * * LOW HITPOINT WARNING * * *
The ragged hierophant casts a spell at you.
A blast of power from the earth and the crystal guardians strikes you!
* * * LOW HITPOINT WARNING * * *
The crystal guardian hits you!
* * * LOW HITPOINT WARNING * * *
HP[-35]
You take 35 damage, and now have 10/132 hp.
MASSIVE DAMAGE!! (PAUSE)
You feel much better.
The crystal guardian closely misses you.
The ragged hierophant misses you.
The ragged hierophant hits you with a +0 rapier.
* * * LOW HITPOINT WARNING * * *
The crystal guardian hits you.
* * * LOW HITPOINT WARNING * * *
HP[+12]
You regained 12 hp, and now have 22/132 hp.
The crystal guardian fires a crystalline bolt at you.
The crystal bolt burns you! You resist.
* * * LOW HITPOINT WARNING * * *
The ragged hierophant casts a spell at you.
A blast of power from the earth strikes you!
You die...

Skill      XL: |  1  2  3  4  5  6  7  8  9 10 11 12 13 14 15 |
---------------+----------------------------------------------+-----
Stealth        | 1 2 3 4 5 6 8 |  8.9
Fighting       | 2 3 4 5 6 7 8 9 10 11 | 11.6
Unarmed Combat | 4 5 6 8 9 11 12 13 14 15 16 | 16.2
Dodging        | 3 4 5 6 7 8 9 10 11 | 11.6
Ice Magic      | 1 4 5 6 7 8 |  8.0
Transmutations | 4 5 7 8 9 10 | 10.0
Shields        | 2 3 |  3.6
Spellcasting   | |  2.0

Action                   |  1- 3 |  4- 6 |  7- 9 | 10-12 | 13-15 || total
-------------------------+-------+-------+-------+-------+-------++-------
Melee: Unarmed           |    55 |    44 |   153 |   424 |   691 ||  1367
       Constrict         |    15 |    34 |    26 |     1 |     3 ||    79
       Kick              |    10 |    23 |    26 |       |       ||    59
       Tentacles         |     8 |    31 |    31 |     2 |     1 ||    73
       Punch             |     1 |     6 |     8 |       |     2 ||    17
       Short sword       |       |    82 |    58 |       |       ||   140
       Hand axe          |       |       |    58 |       |       ||    58
       Whip              |       |       |       |     4 |     4 ||     8
 Cast: Beastly Appendage |    15 |    25 |    20 |     1 |       ||    61
       Spider Form       |       |       |    32 |     6 |       ||    38
       Ice Form          |       |       |       |    48 |    68 ||   116
       Mephitic Cloud    |       |       |       |       |    28 ||    28
Invok: Curse Item        |       |       |       |     4 |     2 ||     6
 Abil: End Transformatio |       |       |       |       |     2 ||     2
Evoke: Wand              |       |       |       |     1 |     2 ||     3
       Tin of tremorston |       |       |       |       |     2 ||     2
  Use: Scroll            |       |       |       |    18 |     5 ||    23
       Potion            |       |       |       |     7 |     2 ||     9
 Stab: Sleeping          |     8 |    11 |    11 |     8 |     9 ||    47
       Confused          |       |       |       |       |    18 ||    18
       Petrifying        |       |       |       |       |     1 ||     1
Armor: Skin              |     4 |    11 |    10 |    80 |   101 ||   206
Dodge: Dodged            |    31 |    67 |   248 |   344 |   501 ||  1191
Block: Buckler           |       |       |       |     1 |       ||     1

Levels and vault maps discovered:
D:1:      dpeg_arrival_subterranean_lakeside_camping, layout_basic,
          shapermc_ecumenical_altar_mp_ritualfount, serial_shops,
          nicolae_shop_bloodbath_and_beyond
D:2:      layout_rooms, lightli_corner_chamber, uniq_natasha,
          uniq_crazy_yiuf_cottage
D:3:      layout_basic, mainiacjoe_overflow_boulevard,
          mainiacjoe_overflow_alcove_4, kennysheep_minor_cross,
          supply_closet_lemuel, serial_bayou_pond_e
D:4:      layout_loops_ring, serial_shops, nicolae_shop_overgrown_old_shop,
          uniq_blork_the_orc, uniq_sigmund
D:5:      layout_gridville, kennysheep_slug_shrine,
          minmay_temple_entry_stoned_glass, serial_glass, glass_columns_a,
          glass_columns_a
D:6:      layout_basic, mainiacjoe_overflow_six_doors_small
D:7:      layout_basic
D:8:      layout_basic, mainiacjoe_overflow_alcove_2,
          mainiacjoe_overflow_catwalk, overflow_temple_1_default,
          mainiacjoe_overflow_swirl, grunt_ministairs_6,
          hangedman_decor_clover_reticule, minivault_1
D:9:      layout_loops_corners, david_lair_generic, minmay_misc_feat_pillars,
          minivault_14, minmay_misc_feat_secret_circle,
          statue_in_the_mist_lemuel, minmay_crystal_room
D:10:     layout_roguey, mainiacjoe_overflow_small_starburst, kennysheep_mini,
          makhleb_altar_promises_db, elyvilon_altar_5, orc_0_dummy, minivault_22
Temple:   compressed_dpeg_triangle_lava_temple
Lair:1:   layout_long_grid, basic_altar, lemuel_fruit_fields, wad_woods_river_01
Lair:2:   layout_long_grid, uniq_sonja, uniq_fannar, uniq_nergalle
Lair:3:   layout_gridlike, spider_nest_entry_web_field, tgw_fedhas,
          infiniplex_staircase_pool
Lair:4:   layout_regular_city, minmay_shoals_entry_lonely_mermaid,
          enter_volcano_1
Lair:5:   layout_cave_pods, grunt_forest_stairs_clearing
Lair:6:   grunt_lair_end_beastmaster, layout_hall_layers,
          nicolae_slime_entry_slimehenge, serial_bayou_shore_a,
          grunt_megastairs_5
Orc:1:    layout_caves, basic_altar, okawaru_metal_pillars_1_2
Orc:2:    st_orc_open, layout_caves, uniq_maurice
Elf:1:    minmay_elf_arrival_plus, layout_rooms,
          portal_desolation_entry_twin_temple, kennysheep_underground_church,
          lemuel_upstairs_altar
Desolation

Notes
Turn   | Place    | Note
-------+----------+-------------------------------------------
     0 | D:1      | zeratav the Octopode Transmuter began the quest for the
                  | Orb.
     0 | D:1      | Reached XP level 1. HP: 13/13 MP: 3/3
     0 | D:1      | magus.rc [v1.9.6]
    97 | D:1      | Found a faded altar of an unknown god.
   195 | D:1      | Reached XP level 2. HP: 18/18 MP: 3/5
   345 | D:1      | Reached skill level 1 in Stealth
  1114 | D:1      | Found Gisaosei's Weapon Emporium.
  1233 | D:2      | Noticed Natasha
  1241 | D:2      | Killed Natasha
  1242 | D:2      | Reached XP level 3. HP: 19/24 MP: 3/6
  1345 | D:2      | Reached skill level 2 in Stealth
  1371 | D:2      | HP: 2/24 [worm (11)]
  1650 | D:2      | Reached XP level 4. HP: 29/29 MP: 5/7
  1701 | D:2      | Found a runed translucent door.
  1702 | D:2      | Noticed Crazy Yiuf
  1756 | D:2      | Noticed Natasha
  1763 | D:2      | Killed Natasha
  1764 | D:2      | Reached skill level 2 in Fighting
  1764 | D:2      | Reached skill level 4 in Unarmed Combat
  2399 | D:2      | HP: 7/29 [poisoned by an adder]
  2701 | D:2      | Noticed Natasha
  2708 | D:2      | Killed Natasha
  2709 | D:2      | Reached XP level 5. HP: 13/34 MP: 6/8
  3527 | D:2      | Killed Crazy Yiuf
  3528 | D:2      | Reached skill level 3 in Dodging
  3528 | D:2      | Reached skill level 3 in Stealth
  4110 | D:3      | Found a glowing silver altar of Zin.
  4403 | D:3      | Found a radiant altar of Vehumet.
  4421 | D:3      | You fall into a shaft and drop 2 floors!
  4421 | D:5      | Entered Level 5 of the Dungeon
  4434 | D:5      | Reached XP level 6. HP: 30/41 MP: 9/9
  4534 | D:5      | Found a snail-covered altar of Cheibriados.
  4805 | D:4      | Found Tasull's Antique Weapon Boutique.
  4944 | D:4      | Noticed Blork the orc
  4984 | D:4      | Killed Blork the orc
  4985 | D:4      | Reached skill level 3 in Fighting
  4985 | D:4      | Reached skill level 4 in Stealth
  4985 | D:4      | Reached skill level 5 in Unarmed Combat
  5140 | D:4      | Identified the +4 hand axe "Rocvot" {vorpal, rF+ Will+
                  | Int-2}
  5242 | D:4      | Noticed Sigmund
  5256 | D:4      | Killed Sigmund
  5257 | D:4      | Reached XP level 7. HP: 35/46 MP: 10/10
  6199 | D:5      | Reached skill level 4 in Dodging
  6199 | D:5      | Reached skill level 5 in Stealth
  6516 | D:5      | Reached skill level 6 in Unarmed Combat
  6517 | D:5      | Found a staircase to the Ecumenical Temple.
  6526 | Temple   | Entered the Ecumenical Temple
  6655 | Temple   | Became a worshipper of Ashenzari the Shackled
  6686 | D:5      | Reached skill level 4 in Fighting
  6686 | D:5      | Reached XP level 8. HP: 20/54 MP: 11/11
  7631 | D:6      | Identified the +4 quarterstaff "Killer Bee's Death"
                  | {vorpal, rElec rC- Str+4 Dex+3}
  7640 | D:6      | Learned a level 3 spell: Spider Form
  7681 | D:6      | Found a bloodstained altar of Trog.
  8158 | D:6      | Reached skill level 7 in Unarmed Combat
  8358 | D:6      | Reached skill level 5 in Dodging
  8461 | D:6      | HP: 12/54 [gnoll/+2 spear of distortion (8)]
  8464 | D:6      | HP: 3/54 [gnoll/+2 spear of distortion (6)]
  9476 | D:6      | Noticed a cyclops
  9493 | D:6      | HP: 10/54 [cyclops (24)]
  9497 | D:6      | Killed a cyclops
  9498 | D:6      | Reached skill level 5 in Fighting
  9498 | D:6      | Reached skill level 8 in Unarmed Combat
  9498 | D:6      | Reached XP level 9. HP: 13/61 MP: 7/12
  9752 | D:6      | Identified the +10 whip of Makhleb's Pride {flame, Int+3}
 10044 | D:7      | Reached skill level 6 in Dodging
 10051 | D:7      | Identified the +1 trident of Ignis's Inspiration {freeze,
                  | Will+ Int+4 Stlth+}
 10128 | D:7      | Reached skill level 9 in Unarmed Combat
 10206 | D:7      | Reached skill level 6 in Fighting
 11327 | D:8      | Found a shadowy altar of Dithmenos.
 11344 | D:8      | HP: 5/61 [centaur/arrow (16)]
 11352 | D:8      | Reached skill level 1 in Ice Magic
 11828 | D:8      | Reached XP level 10. HP: 67/68 MP: 9/13
 11851 | D:8      | Found a blossoming altar of Fedhas.
 11920 | D:8      | Found an iron altar of Okawaru.
 11925 | D:8      | Noticed a two-headed ogre
 11937 | D:8      | Killed a two-headed ogre
 11938 | D:8      | Reached skill level 7 in Dodging
 11938 | D:8      | Reached skill level 10 in Unarmed Combat
 11938 | D:8      | Reached skill level 3 in Transmutations
 11938 | D:8      | Reached skill level 2 in Ice Magic
 12030 | D:8      | Found a glowing golden altar of the Shining One.
 12039 | D:8      | Found a shimmering blue altar of Sif Muna.
 12465 | D:9      | Noticed a two-headed ogre
 12479 | D:9      | Killed a two-headed ogre
 12480 | D:9      | Reached skill level 7 in Fighting
 12566 | D:9      | Learned a level 4 spell: Ice Form
 12574 | D:9      | Found a staircase to the Lair.
 12595 | D:9      | Reached skill level 3 in Ice Magic
 12628 | Lair:1   | Entered Level 1 of the Lair of Beasts
 12838 | D:9      | Reached skill level 4 in Transmutations
 14139 | D:10     | Entered Level 10 of the Dungeon
 14446 | D:10     | Found a white marble altar of Elyvilon.
 14541 | D:10     | Found a burning altar of Makhleb.
 14541 | D:10     | Noticed a blizzard demon
 14582 | D:10     | Reached skill level 11 in Unarmed Combat
 14587 | D:10     | Found a staircase to the Orcish Mines.
 14620 | D:10     | Noticed a centaur warrior
 14631 | D:10     | Killed a centaur warrior
 14632 | D:10     | Reached skill level 4 in Ice Magic
 14632 | D:10     | Reached XP level 11. HP: 70/75 MP: 10/14
 14874 | D:10     | Found a shimmering altar of Xom.
 14879 | D:10     | You pick up a book of Scorching and begin reading...
 14879 | D:10     | You add the spells Scorch, Flame Wave and Summon Cactus
                  | Giant to your library.
 15242 | D:10     | Found a hazy altar of Hepliaklqana.
 15527 | Lair:1   | Reached * piety under Ashenzari
 15807 | Lair:1   | Found a blossoming altar of Fedhas.
 16075 | Lair:1   | Reached skill level 8 in Dodging
 16659 | Lair:2   | Noticed Nergalle
 16669 | Lair:2   | Killed Nergalle
 16670 | Lair:2   | Reached skill level 1 in Shields
 16670 | Lair:2   | Reached skill level 5 in Transmutations
 16925 | Lair:2   | Noticed Sonja
 16946 | Lair:2   | Killed Sonja
 16947 | Lair:2   | Reached skill level 8 in Fighting
 18016 | Lair:2   | Noticed Fannar
 18040 | Lair:2   | Killed Fannar
 18041 | Lair:2   | Reached skill level 2 in Shields
 18041 | Lair:2   | Reached skill level 5 in Ice Magic
 18048 | Lair:2   | HP: 18/92 [blink frog (10)]
 18406 | Lair:2   | Reached skill level 12 in Unarmed Combat
 18412 | Lair:2   | Reached skill level 6 in Stealth
 19085 | Lair:3   | Reached XP level 12. HP: 84/84 MP: 10/15
 19197 | Lair:3   | HP: 21/100 [electric eel/bolt of electricity (6)]
 19697 | Lair:3   | Reached skill level 3 in Shields
 19990 | Lair:3   | Reached ** piety under Ashenzari
 20101 | Lair:3   | Reached skill level 6 in Transmutations
 20130 | Lair:3   | Reached skill level 7 in Stealth
 20181 | Lair:3   | HP: 14/100 [cane toad (18)]
 20573 | Lair:3   | Reached skill level 9 in Dodging
 20835 | Lair:3   | Found a hole to the Spider Nest.
 20910 | Lair:3   | Found a blossoming altar of Fedhas.
 21121 | Lair:3   | Reached skill level 6 in Ice Magic
 21300 | Lair:4   | You add the spells Ozocubu's Armour and Ozocubu's
                  | Refrigeration to your library.
 21324 | Lair:4   | Found a dark tunnel.
 21333 | Volcano  | Entered a volcano
 21420 | Volcano  | Reached skill level 9 in Fighting
 21432 | Volcano  | HP: 13/102 [gargoyle/+0 dire flail (13)]
 21440 | Volcano  | HP: 20/102 [gargoyle/+0 mace (19)]
 21444 | Volcano  | HP: 4/102 [gargoyle/stone arrow (12)]
 21450 | Volcano  | Reached skill level 13 in Unarmed Combat
 21456 | Volcano  | HP: 24/102 [spriggan skeleton (3)]
 21830 | Volcano  | HP: 21/85 [harpy skeleton (7)]
 21831 | Volcano  | Reached skill level 8 in Stealth
 22205 | Volcano  | Reached skill level 7 in Transmutations
 22212 | Volcano  | h - a +1 quick blade of flaming {shortrare=g}
 22223 | Volcano  | Reached XP level 13. HP: 90/90 MP: 14/16
 23908 | Lair:4   | Found a staircase to the Shoals.
 24388 | Lair:5   | Reached skill level 7 in Ice Magic
 24702 | Lair:5   | You pick up a book of Minor Magic and begin reading...
 24702 | Lair:5   | You add the spells Magic Dart, Call Imp and Mephitic Cloud
                  | to your library.
 24727 | Lair:5   | Learned a level 3 spell: Mephitic Cloud
 24875 | Lair:5   | Found the +6 lightning scales {swift, rElec}
 25427 | Lair:5   | You pick up a book of Alchemy and begin reading...
 25427 | Lair:5   | You add the spells Sublimation of Blood, Petrify and
                  | Irradiate to your library.
 25443 | Lair:5   | Reached skill level 10 in Dodging
 25724 | Lair:5   | Reached skill level 14 in Unarmed Combat
 25738 | Lair:5   | Reached skill level 10 in Fighting
 25738 | Lair:5   | Reached skill level 8 in Transmutations
 26432 | Lair:6   | Entered Level 6 of the Lair of Beasts
 26710 | Lair:5   | HP: 23/106 [yak (8)]
 27573 | Lair:6   | Reached XP level 14. HP: 99/99 MP: 12/17
 27617 | Lair:6   | Found a staircase to the Slime Pits.
 27631 | Lair:6   | You drop a +1 quick blade of flaming {shortrare=g}.
 27721 | Lair:6   | Reached skill level 8 in Ice Magic
 28442 | Lair:6   | HP: 24/118 [catoblepas (15)]
 29124 | Lair:6   | Noticed a dire elephant
 29161 | Lair:6   | Reached skill level 15 in Unarmed Combat
 29407 | Lair:6   | Killed a dire elephant
 29939 | Lair:6   | a potion of degeneration {!q@e2}; an orb of guile; a +1
                  | quick blade of flaming {shortrare=g}
 29939 | Lair:6   | a potion of degeneration {!q@e2}; an orb of guile; a +1
                  | quick blade of flaming {shortrare=g}
 29939 | Lair:6   | Could not pick up a +1 quick blade of flaming {shortrare=g}
                  | here; ([A]lways) ignore it?
 29939 | Lair:6   | a potion of degeneration {!q@e2}; an orb of guile; a +1
                  | quick blade of flaming {shortrare=g}
 29939 | Lair:6   | Could not pick up a +1 quick blade of flaming {shortrare=g}
                  | here; ([A]lways) ignore it?
 29939 | Lair:6   | a potion of degeneration {!q@e2}; an orb of guile; a +1
                  | quick blade of flaming {shortrare=g}
 29939 | Lair:6   | Could not pick up a +1 quick blade of flaming {shortrare=g}
                  | here; ([A]lways) ignore it?
 29939 | Lair:6   | a potion of degeneration {!q@e2}; an orb of guile; a +1
                  | quick blade of flaming {shortrare=g}
 29939 | Lair:6   | Could not pick up a +1 quick blade of flaming {shortrare=g}
                  | here; ([A]lways) ignore it?
 29939 | Lair:6   | a potion of degeneration {!q@e2}; an orb of guile; a +1
                  | quick blade of flaming {shortrare=g}
 29939 | Lair:6   | Could not pick up a +1 quick blade of flaming {shortrare=g}
                  | here; ([A]lways) ignore it?
 29939 | Lair:6   | Could not pick up a +1 quick blade of flaming {shortrare=g}
                  | here; ([A]lways) ignore it?
 29939 | Lair:6   | a potion of degeneration {!q@e2}; an orb of guile; a +1
                  | quick blade of flaming {shortrare=g}
 29939 | Lair:6   | Could not pick up a +1 quick blade of flaming {shortrare=g}
                  | here; ([A]lways) ignore it?
 29939 | Lair:6   | Could not pick up a +1 quick blade of flaming {shortrare=g}
                  | here; ([A]lways) ignore it?
 29939 | Lair:6   | a potion of degeneration {!q@e2}; an orb of guile; a +1
                  | quick blade of flaming {shortrare=g}
 29939 | Lair:6   | Could not pick up a +1 quick blade of flaming {shortrare=g}
                  | here; ([A]lways) ignore it?
 29939 | Lair:6   | a potion of degeneration {!q@e2}; an orb of guile; a +1
                  | quick blade of flaming {shortrare=g}
 29939 | Lair:6   | Could not pick up a +1 quick blade of flaming {shortrare=g}
                  | here; ([A]lways) ignore it?
 29939 | Lair:6   | a potion of degeneration {!q@e2}; an orb of guile; a +1
                  | quick blade of flaming {shortrare=g}
 29939 | Lair:6   | Could not pick up a +1 quick blade of flaming {shortrare=g}
                  | here; ([A]lways) ignore it?
 29939 | Lair:6   | a potion of degeneration {!q@e2}; an orb of guile; a +1
                  | quick blade of flaming {shortrare=g}
 29939 | Lair:6   | Could not pick up a +1 quick blade of flaming {shortrare=g}
                  | here; ([A]lways) ignore it?
 29939 | Lair:6   | a potion of degeneration {!q@e2}; an orb of guile; a +1
                  | quick blade of flaming {shortrare=g}
 29939 | Lair:6   | Could not pick up a +1 quick blade of flaming {shortrare=g}
                  | here; ([A]lways) ignore it?
 29939 | Lair:6   | a potion of degeneration {!q@e2}; an orb of guile; a +1
                  | quick blade of flaming {shortrare=g}
 29939 | Lair:6   | Could not pick up a +1 quick blade of flaming {shortrare=g}
                  | here; ([A]lways) ignore it?
 29939 | Lair:6   | Could not pick up a +1 quick blade of flaming {shortrare=g}
                  | here; ([A]lways) ignore it?
 29939 | Lair:6   | Could not pick up a +1 quick blade of flaming {shortrare=g}
                  | here; ([A]lways) ignore it?
 29939 | Lair:6   | a potion of degeneration {!q@e2}; an orb of guile; a +1
                  | quick blade of flaming {shortrare=g}
 29939 | Lair:6   | Could not pick up a +1 quick blade of flaming {shortrare=g}
                  | here; ([A]lways) ignore it?
 29939 | Lair:6   | a potion of degeneration {!q@e2}; an orb of guile; a +1
                  | quick blade of flaming {shortrare=g}
 29939 | Lair:6   | Could not pick up a +1 quick blade of flaming {shortrare=g}
                  | here; ([A]lways) ignore it?
 29939 | Lair:6   | a potion of degeneration {!q@e2}; an orb of guile; a +1
                  | quick blade of flaming {shortrare=g}
 29939 | Lair:6   | Could not pick up a +1 quick blade of flaming {shortrare=g}
                  | here; ([A]lways) ignore it?
 29939 | Lair:6   | a potion of degeneration {!q@e2}; an orb of guile; a +1
                  | quick blade of flaming {shortrare=g}
 29939 | Lair:6   | Could not pick up a +1 quick blade of flaming {shortrare=g}
                  | here; ([A]lways) ignore it?
 29939 | Lair:6   | a potion of degeneration {!q@e2}; an orb of guile; a +1
                  | quick blade of flaming {shortrare=g}
 29939 | Lair:6   | Could not pick up a +1 quick blade of flaming {shortrare=g}
                  | here; ([A]lways) ignore it?
 29939 | Lair:6   | a potion of degeneration {!q@e2}; an orb of guile; a +1
                  | quick blade of flaming {shortrare=g}
 29939 | Lair:6   | Could not pick up a +1 quick blade of flaming {shortrare=g}
                  | here; ([A]lways) ignore it?
 29939 | Lair:6   | a potion of degeneration {!q@e2}; an orb of guile; a +1
                  | quick blade of flaming {shortrare=g}
 29939 | Lair:6   | Could not pick up a +1 quick blade of flaming {shortrare=g}
                  | here; ([A]lways) ignore it?
 29939 | Lair:6   | a potion of degeneration {!q@e2}; an orb of guile; a +1
                  | quick blade of flaming {shortrare=g}
 29939 | Lair:6   | Could not pick up a +1 quick blade of flaming {shortrare=g}
                  | here; ([A]lways) ignore it?
 29939 | Lair:6   | a potion of degeneration {!q@e2}; an orb of guile; a +1
                  | quick blade of flaming {shortrare=g}
 29939 | Lair:6   | Could not pick up a +1 quick blade of flaming {shortrare=g}
                  | here; ([A]lways) ignore it?
 29939 | Lair:6   | a potion of degeneration {!q@e2}; an orb of guile; a +1
                  | quick blade of flaming {shortrare=g}
 29939 | Lair:6   | Could not pick up a +1 quick blade of flaming {shortrare=g}
                  | here; ([A]lways) ignore it?
 29939 | Lair:6   | Could not pick up a +1 quick blade of flaming {shortrare=g}
                  | here; ([A]lways) ignore it?
 30563 | Orc:1    | Entered Level 1 of the Orcish Mines
 30582 | Orc:1    | Reached skill level 9 in Transmutations
 30802 | Orc:1    | Reached *** piety under Ashenzari
 30824 | Orc:1    | Found an iron altar of Okawaru.
 32093 | Orc:2    | Entered Level 2 of the Orcish Mines
 32330 | Orc:2    | Found Icufal's Weapon Shoppe.
 32335 | Orc:2    | Reached skill level 11 in Dodging
 32336 | Orc:2    | Noticed Maurice
 32368 | Orc:2    | Killed Maurice
 32410 | Orc:2    | Reached skill level 11 in Fighting
 32689 | Orc:2    | Reached XP level 15. HP: 35/109 MP: 4/19
 33132 | Orc:2    | Found Raewa's Armour Shoppe.
 33151 | Orc:2    | Found Rumoh's Antique Weapon Boutique.
 33156 | Orc:2    | Reached skill level 16 in Unarmed Combat
 33323 | Orc:2    | Bought a +0 kite shield for 58 gold pieces
 33323 | Orc:2    | Bought a +1 hat for 143 gold pieces
 33342 | Orc:2    | Found Qailic's Jewellery Emporium.
 33356 | Orc:2    | Bought the amulet of the Four Winds {rN+ Will+++ Clar} for
                  | 482 gold pieces
 33356 | Orc:2    | Found the amulet of the Four Winds {rN+ Will+++ Clar}
 33561 | Orc:2    | Found a staircase to the Elven Halls.
 33915 | Elf:1    | Entered Level 1 of the Elven Halls
 33949 | Elf:1    | Found a crumbling gateway.
 34114 | Desolati | Entered the Desolation of Salt
 34124 | Desolati | Reached skill level 10 in Transmutations
 34280 | Desolati | HP: 27/132 [saltling (12)]
 34627 | Desolati | Identified the Incunabulum of Conjuration and Execration
 34628 | Desolati | Identified the ring of Loyder {Wiz Fly MP+9 Int+2}
 34630 | Desolati | Identified the +11 short sword "Ilyujiwk" {vorpal, rPois
                  | rC- Stlth+}
 34631 | Desolati | Identified the +1 chain mail "Onibeh" {Harm}
 34665 | Desolati | HP: 20/132 [ragged hierophant/a resonance strike (19)]
 34667 | Desolati | Killed from afar by a ragged hierophant

Vanquished Creatures
  A dire elephant (Lair:6)
  Fannar (Lair:2)
  3 peacekeepers
  A servant of whispers (Desolation)
  2 hydras
  2 ogre magi (Orc:2)
  10 two-headed ogres
  A centaur warrior (D:10)
  A catoblepas (Lair:6)
  A deep troll shaman (Lair:6)
  9 death yaks
  Nergalle (Lair:2)
  Sonja (Lair:2)
  2 skeletal warriors (Volcano)
  2 deep trolls (Orc:2)
  An anaconda skeleton (Volcano)
  3 orc knights
  2 deep elf zephyrmancers (Elf:1)
  A deep elf pyromancer (Elf:1)
  4 cyclopes
  2 orc sorcerers
  14 elephants
  5 black mambas
  A guardian serpent (Desolation)
  Maurice (Orc:2)
  A merfolk siren (Lair:4)
  A torpor snail (Lair:6)
  5 gargoyles (Volcano)
  10 cane toads
  A molten gargoyle (Desolation)
  3 rime drakes
  7 komodo dragons
  12 trolls
  4 polar bears
  4 harpy skeletons (Volcano)
  6 saltlings (Desolation)
  2 dream sheep (Lair:6)
  11 blink frogs
  3 flying skulls (Volcano)
  A spriggan (Lair:5)
  Sigmund (D:4)
  6 wyverns
  41 yaks
  2 basilisks
  2 wargs
  13 water moccasins
  3 sky beasts
  16 orc warriors
  An ice beast (D:8)
  22 ogres
  6 black bears
  23 wolves
  5 centaurs
  A phantom (D:6)
  A kobold brigand (D:9)
  Blork the orc (D:4)
  13 bullfrogs
  A wyvern skeleton (D:6)
  A water moccasin skeleton (D:5)
  6 killer bees (D:10)
  4 spriggan skeletons (Volcano)
  3 howler monkeys (D:10)
  A troll skeleton (Volcano)
  8 wights
  6 electric eels
  2 centaur zombies
  A centaur skeleton (D:6)
  2 gnoll shamans
  4 hounds
  2 bullfrog skeletons
  Crazy Yiuf (D:2)
  7 orc priests
  2 iguanas
  Natasha (thrice) (D:2)
  14 orc wizards
  4 hell rats
  2 killer bee zombies
  A naga skeleton (Volcano)
  A hound zombie (D:5)
  A howler monkey zombie (D:7)
  7 adders
  20 gnolls
  2 shadow imps (D:7)
  4 worms
  4 dart slugs
  49 orcs
  7 bats
  8 endoplasms
  3 giant cockroaches
  11 goblins
  5 hobgoblins
  3 jackals (D:4)
  3 quokkas
  7 ball pythons
  4 frilled lizards
  12 kobolds
  5 rats
531 creatures vanquished.

Vanquished Creatures (others)
  23 fungi
  74 plants
97 creatures vanquished.

Grand Total: 628 creatures vanquished

Table legend:
 A = Non-vault XP
 B = Vault XP
 C = Vault XP percentage of total XP
 D = Non-vault monster count
 E = Vault monster count
 F = Vault count percentage of total count
                 A         B        C        D         E       F
            +---------+---------+-------+---------+---------+-------
      Total |   53546 |   45698 |  46.0 |     393 |     138 |  26.0
            +---------+---------+-------+---------+---------+-------
        D:1 |      20 |      10 |  33.3 |      14 |       6 |  30.0
        D:2 |     138 |      77 |  35.8 |      25 |       2 |   7.4
        D:3 |      59 |       0 |   0.0 |      18 |       0 |   0.0
        D:4 |     175 |     311 |  64.0 |      19 |       2 |   9.5
        D:5 |     522 |       4 |   0.8 |      10 |       1 |   9.1
        D:6 |    1387 |       0 |   0.0 |      21 |       0 |   0.0
        D:7 |    1138 |       0 |   0.0 |      20 |       0 |   0.0
        D:8 |    2107 |      46 |   2.1 |      26 |       1 |   3.7
        D:9 |    1883 |     729 |  27.9 |      14 |       4 |  22.2
       D:10 |    2431 |       0 |   0.0 |      15 |       0 |   0.0
     Lair:1 |     652 |    1044 |  61.6 |       4 |       4 |  50.0
     Lair:2 |    3242 |    2457 |  43.1 |      15 |       3 |  16.7
     Lair:3 |    8276 |       0 |   0.0 |      37 |       0 |   0.0
     Lair:4 |    5068 |     458 |   8.3 |      18 |       1 |   5.3
     Lair:5 |   11118 |    1853 |  14.3 |      31 |      12 |  27.9
     Lair:6 |    7510 |    9509 |  55.9 |      26 |      28 |  51.9
      Orc:1 |    4258 |       0 |   0.0 |      51 |       0 |   0.0
      Orc:2 |    3562 |   15295 |  81.1 |      29 |      38 |  56.7
      Elf:1 |       0 |    3274 | 100.0 |       0 |       5 | 100.0
    Volcano |       0 |    6365 | 100.0 |       0 |      21 | 100.0
 Desolation |       0 |    4266 | 100.0 |       0 |      10 | 100.0
            +---------+---------+-------+---------+---------+-------

Illustrated notes

Table legend:
 A = Kills in this place as a percentage of kills in entire the game.
 B = Kills by you in this place as a percentage of kills by you in the entire game.
 C = Kills by friends in this place as a percentage of kills by friends in the entire game.
 D = Other kills in this place as a percentage of other kills in the entire game.
 E = Experience gained in this place as a percentage of experience gained in the entire game.
 F = Experience gained in this place divided by the number of levels of this place that you have seen.
                   A       B       C       D       E      F
               +-------+-------+-------+-------+-------+----------------------
         Total | 100.0 | 100.0 |   N/A | 100.0 | 100.0 | 4511.1
       Dungeon |  37.3 |  37.6 |   N/A |   0.0 |  11.1 | 1103.7
          Lair |  33.7 |  34.0 |   N/A |   0.0 |  51.6 | 8531.2
  Orcish Mines |  22.2 |  21.6 |   N/A | 100.0 |  23.3 | 11557.5
   Elven Halls |   0.9 |   0.9 |   N/A |   0.0 |   3.3 | 3274.0
       Volcano |   4.0 |   4.0 |   N/A |   0.0 |   6.4 | 6365.0
    Desolation |   1.9 |   1.9 |   N/A |   0.0 |   4.3 | 4266.0
               +-------+-------+-------+-------+-------+----------------------

Table legend: (Time is in decaauts)
 A = Elapsed time spent in this place.
 B = Non-inter-level travel time spent in this place.
 C = Inter-level travel time spent in this place.
 D = Time resting spent in this place.
 E = Time spent auto-exploring this place.
 F = Levels seen in this place.
 G = Mean time per level.
                   A        B        C        D        E       F      G
               +--------+--------+--------+--------+--------+-----+--------+
         Total |  34346 |  31267 |   3079 |  14102 |   8209 |  22 | 1561.2 |
       Dungeon |  15621 |  13879 |   1742 |   4599 |   5697 |  10 | 1562.1 |
        Temple |    136 |    123 |     13 |    122 |      0 |   1 |  136.0 |
          Lair |  13728 |  12536 |   1192 |   6733 |   1922 |   6 | 2288.0 |
  Orcish Mines |   2804 |   2673 |    131 |   1257 |    497 |   2 | 1402.0 |
   Elven Halls |    193 |    193 |      0 |    149 |      0 |   1 |  193.0 |
       Volcano |   1322 |   1322 |      0 |    823 |     93 |   1 | 1322.0 |
    Desolation |    539 |    539 |      0 |    419 |      0 |   1 |  539.0 |
               +--------+--------+--------+--------+--------+-----+--------+

Top non-repeatable levels by time:
  Lair:5: 2978 daAuts
  Lair:3: 2607 daAuts
  Lair:6: 2595 daAuts
     D:2: 2472 daAuts
  Lair:2: 2024 daAuts
     D:6: 2013 daAuts
  Lair:1: 1834 daAuts
     D:5: 1806 daAuts
     D:9: 1793 daAuts
  Lair:4: 1688 daAuts
     D:8: 1566 daAuts
   Orc:1: 1415 daAuts
     D:4: 1412 daAuts
   Orc:2: 1388 daAuts
     D:1: 1378 daAuts
